 Dungeon Crawl Stone Soup version 0.29-a0-207-gf982a884d8 (webtiles) character file.

Game seed: 7642149571681629680

2820 horus123 the Thaumaturge (level 10, -16/71 (74) HPs)
             Began as a Human Ice Elementalist on Feb 23, 2022.
             Was a Follower of Vehumet.
             Killed from afar by a gnoll shaman (24 damage)
             ... with a bolt of acid
             ... on level 6 of the Dungeon.
             The game lasted 00:16:29 (7163 turns).

horus123 the Thaumaturge (Human Ice Elementalist)   Turns: 7163, Time: 00:16:30

HP:   -16/71 (74)   AC:  4    Str: 10    XL:     10   Next: 3%
MP:   5/26          EV: 12    Int: 18    God:    Vehumet [*.....]
Gold: 322           SH:  0    Dex: 14    Spells: 20/33 levels left

rFire   . . .      SeeInvis .   s - +8 short sword of Toos {vorpal, rPois}
rCold   . . .      Faith    .   (no shield)
rNeg    . . .      Spirit   .   a - +0 robe
rPois   +          Reflect  .   q - +0 helmet
rElec   .          Harm     .   (no cloak)
rCorr   .          Rampage  .   (no gloves)
Will    .....                   n - +0 pair of boots
Stlth   ++........              (no amulet)
HPRegen 0.21/turn               u - ring of wizardry
MPRegen 0.20/turn               (no ring)

@: brilliant, lightly drained
A: no striking features
a: Renounce Religion


You were on level 6 of the Dungeon.
You worshipped Vehumet.
Vehumet was aware of your devotion.
You visited 2 branches of the dungeon, and saw 7 of its levels.

You collected 322 gold pieces.

Inventory:

Hand Weapons
 s - the +8 short sword of Toos (weapon) {vorpal, rPois}
   (You found it on level 4 of the Dungeon)

   It inflicts extra damage upon your enemies.
   rPois:     It protects you from poison.
Missiles
 i - a throwing net
Armour
 a - a +0 robe (worn)
 n - a +0 pair of boots (worn)
 q - a +0 helmet (worn)
 t - a scarf of shadows
Jewellery
 u - a ring of wizardry (left hand)
Wands
 b - a wand of polymorph (3)
Scrolls
 c - a scroll of amnesia
 d - a scroll of identify
 h - 2 scrolls of fog
 o - a scroll of torment {unknown}
Potions
 e - a potion of degeneration {unknown}
 f - a potion of magic {unknown}
 g - a potion of berserk rage {unknown}
 j - a potion of lignification {unknown}
 l - a potion of cancellation {unknown}
 m - 4 potions of haste {unknown}
 v - a potion of might {unknown}


   Skills:
 - Level 5.0 Fighting
 + Level 1.9 Short Blades
 - Level 2.0 Dodging
 - Level 2.0 Stealth
 - Level 12.0 Spellcasting
 - Level 3.0 Conjurations
 - Level 10.2 Ice Magic


You had 20 spell levels left.
You knew the following spells:

 Your Spells              Type           Power      Damage    Failure   Level
a - Freeze                Ice            100%       1d11      1%          1
b - Frozen Ramparts       Ice            100%       1d12      1%          3
c - Ozocubu's Armour      Ice            64%        N/A       1%          3
d - Hailstorm             Conj/Ice       51%        3d11      1%          4
e - Ensorcelled Hibernat  Hex/Ice        86%        N/A       1%          2

Your spell library contained the following spells:

 Spells                   Type           Power      Damage    Failure   Level
 Magic Dart               Conj           100%       1d8       1%          1
 Passwall                 Tmut/Erth      13%        N/A       4%          2
 Swiftness                Air            16%        N/A       8%          3


Dungeon Overview and Level Annotations

Branches:
Dungeon (6/15)             Temple (1/1) D:5

Altars:
Ashenzari
Elyvilon
Fedhas
Gozag
Kikubaaqudgha
Nemelex Xobeh
Okawaru
Qazlal
Ru
Sif Muna
Trog
Uskayaw
Vehumet
Wu Jian
Yredelemnul


Message History

The wall freezes the wight but does no damage.
The wight misses you.
You feel clever all of a sudden.
The frozen ramparts melt away.
The wight closely misses you. The wight hits you but does no damage.
The wight hits you but does no damage. x2
The wight closely misses you. The wight hits you with a +2 falchion.
You feel drained. The wight barely misses you.
You barely miss the wight.
The wight is severely damaged.
The wight barely misses you. The wight hits you but does no damage.
The wight hits you from afar with a +1 halberd!
* * * LOW HITPOINT WARNING * * *
You puncture the wight!
You destroy the wight!
Vehumet accepts your kill.
The wight hits you from afar with a +2 spear.
* * * LOW HITPOINT WARNING * * *
The wight hits you but does no damage.
The wight hits you from afar with a +2 spear.
* * * LOW HITPOINT WARNING * * *
Your icy armour will break if you move.
Continue?
Your icy armour cracks and falls away as you move.
A gnoll shaman comes into view.
It is wielding a +0 whip and carrying a wand of acid (3).
The gnoll shaman moves out of view.
A gnoll comes into view. It is wielding a +0 flail.
The gnoll moves out of view. 2 gnolls come into view.
The gnoll shouts!
The gnoll shoots a sling bullet.
The sling bullet hits you!
* * * LOW HITPOINT WARNING * * *
A gnoll comes into view. It is wielding a +0 spear.
The gnoll moves out of view.
The gnoll shoots a sling bullet.
The sling bullet misses you. The wight closely misses you.
The gnoll shouts!
You hear a shout! x2
The wight barely misses you.
The gnoll shaman zaps a wand.
The bolt of acid hits you!!
You die...

..........#....g.....#...##
..........#...............#
..................#.......#
.....##..##.##...........##
.........## ##.gg.........##
..........###..............#.
.####......###.#.............
.# #..#.#....#....##.........
.####.####..zzz.@###.<#.....
....#.####........#...##....
.#....##....#..#.......# ...
#.###......##.###..#........
##...###...###...######.....
#.....#.###.#..... .....
..#...#... ..#...#.# .... .
#####...# ..##### . ... #...#
..# ...


You could see a gnoll shaman, 3 wights and a gnoll.

Vanquished Creatures
  The ghost of fragbeetle the Archer, a novice MiHu (D:5)
  Sigmund (D:2)
  A yak (D:5)
  Eustachio (D:5)
  Duvessa (D:4)
  3 black bears (D:5)
  2 ice beasts
  A necrophage (D:5)
  An ogre (D:5)
  2 centaurs (D:6)
  3 scorpions
  Dowan (D:4)
  A water moccasin skeleton (D:5)
  2 wights (D:6)
  2 jellies
  A hound (D:4)
  2 centaur skeletons
  An orc priest (D:3)
  A bullfrog skeleton (D:5)
  Natasha (thrice) (D:2)
  2 iguanas
  An orc wizard (D:3)
  5 adders
  4 gnolls
  An ufetubus (D:4)
  2 worms
  2 dart slugs
  12 orcs
  6 bats
  9 endoplasms
  2 giant cockroaches (D:1)
  7 goblins
  10 hobgoblins
  4 jackals
  3 quokkas
  6 ball pythons
  4 frilled lizards
  13 kobolds
  6 rats
130 creatures vanquished.

Vanquished Creatures (others)
  A plant (D:1)
1 creature vanquished.

Grand Total: 131 creatures vanquished

Notes
Turn   | Place    | Note
-------+----------+-------------------------------------------
     0 | D:1      | horus123 the Human Ice Elementalist began the quest for the
                  | Orb.
     0 | D:1      | Reached XP level 1. HP: 13/13 MP: 3/3
   365 | D:1      | Reached XP level 2. HP: 19/19 MP: 1/5
   679 | D:1      | Reached skill level 3 in Spellcasting
   690 | D:1      | Reached XP level 3. HP: 14/24 MP: 0/7
   840 | D:1      | Learned a level 3 spell: Frozen Ramparts
   844 | D:1      | Learned a level 3 spell: Ozocubu's Armour
   868 | D:1      | Found a faded altar of an unknown god.
  1547 | D:2      | Noticed Natasha
  1554 | D:2      | Killed Natasha
  1555 | D:2      | Reached skill level 4 in Spellcasting
  1555 | D:2      | Reached XP level 4. HP: 22/30 MP: 6/10
  1898 | D:2      | Noticed Natasha
  1907 | D:2      | Killed Natasha
  1908 | D:2      | Reached XP level 5. HP: 21/35 MP: 8/11
  2034 | D:2      | Reached skill level 12 in Spellcasting
  2034 | D:2      | Reached XP level 6. HP: 41/41 MP: 12/21
  2035 | D:2      | Reached skill level 10 in Ice Magic
  2035 | D:2      | Reached XP level 7. HP: 46/46 MP: 12/22
  2041 | D:2      | Learned a level 4 spell: Hailstorm
  2116 | D:2      | Noticed Natasha
  2123 | D:2      | Killed Natasha
  2431 | D:2      | Noticed Sigmund
  2440 | D:2      | Killed Sigmund
  2441 | D:2      | Reached skill level 1 in Conjurations
  2826 | D:2      | Identified the +3 leather armour of the Devil's Advocate
                  | {-Cast rF++ rCorr SInv}
  3439 | D:3      | Reached XP level 8. HP: 30/52 MP: 15/24
  4132 | D:4      | Noticed Duvessa
  4132 | D:4      | Noticed Dowan
  4139 | D:4      | Killed Dowan
  4140 | D:4      | Reached skill level 1 in Fighting
  4140 | D:4      | Killed Duvessa
  4494 | D:4      | Identified the +8 short sword of Toos {vorpal, rPois}
  4845 | D:5      | Entered Level 5 of the Dungeon
  5185 | D:5      | Found a runed translucent gate.
  5186 | D:5      | Found a runed translucent gate.
  5187 | D:5      | Found a runed translucent gate.
  5188 | D:5      | Found an opulent altar of Gozag.
  5332 | D:5      | Noticed a yak
  5332 | D:5      | Noticed fragbeetle's ghost (novice MiHu)
  5352 | D:5      | Found a staircase to the Ecumenical Temple.
  5365 | Temple   | Entered the Ecumenical Temple
  5490 | Temple   | Became a worshipper of Vehumet
  5752 | D:5      | Reached XP level 9. HP: 40/63 MP: 19/25
  5760 | D:5      | Learned a level 2 spell: Ensorcelled Hibernation
  6070 | D:5      | Killed fragbeetle's ghost
  6531 | D:5      | Noticed Eustachio
  6541 | D:5      | Killed Eustachio
  6719 | D:6      | Reached skill level 5 in Fighting
  6845 | D:6      | Reached skill level 1 in Short Blades
  7130 | D:6      | Reached * piety under Vehumet
  7130 | D:6      | Offered knowledge of Magic Dart by Vehumet.
  7131 | D:6      | Reached XP level 10. HP: 51/74 MP: 7/26
  7163 | D:6      | Killed from afar by a gnoll shaman

Illustrated notes

Levels and vault maps discovered:
D:1:      dpeg_cavernosity, layout_loops_ring, ebering_ecumenical_altar_webs,
          serial_forest, infiniplex_forest_clump_small,
          infiniplex_forest_corner_1, infiniplex_forest_straight_3,
          infiniplex_forest_clump_medium, infiniplex_forest_lined_2,
          infiniplex_forest_clump_small, serial_bayou_pond_b, skrybe_limestone_x
D:2:      layout_basic, uniq_natasha, uniq_sigmund
D:3:      layout_rooms, serial_curves, eino_curves_02, eino_curves_01,
          eino_curves_04
D:4:      layout_gridville, uniq_duvessa
D:5:      layout_basic, minmay_temple_entry_arrows, ebering_ghost_gozag,
          uniq_eustachio
D:6:      nicolae_cairo_tiling, layout_cave_pools, minmay_misc_feat_doors,
          nicolae_shop_fire_sale [nicolae_sub_dead_trees]
Temple:   mainiacjoe_temple_circle_huts

Skill      XL: |  1  2  3  4  5  6  7  8  9 |
---------------+----------------------------+-----
Spellcasting   | 3 4 12 | 12.0
Ice Magic      | 10 | 10.2
Conjurations   | 2 3 |  3.0
Fighting       | 3 5 |  5.0
Short Blades   | 1 |  1.9
Dodging        | |  2.0
Stealth        | |  2.0

Action                   |  1- 3 |  4- 6 |  7- 9 | 10-12 || total
-------------------------+-------+-------+-------+-------++-------
Melee: Unarmed           |     8 |     3 |       |       ||    11
       Short sword       |     6 |     1 |    56 |     5 ||    68
       Punch             |       |       |     2 |       ||     2
       Hand axe          |       |       |    11 |       ||    11
       Rapier            |       |       |     5 |       ||     5
 Cast: Freeze            |    47 |    10 |   100 |     1 ||   158
       Frozen Ramparts   |       |       |    12 |       ||    12
       Ozocubu's Armour  |       |       |     7 |     1 ||     8
       Hailstorm         |       |       |    17 |     1 ||    18
       Ensorcelled Hiber |       |       |     1 |       ||     1
  Use: Scroll            |     1 |     3 |     3 |       ||     7
       Potion            |       |     2 |     1 |     2 ||     5
 Stab: Sleeping          |       |     1 |     4 |       ||     5
Armor: Robe              |    11 |     1 |    38 |     9 ||    59
       Skin              |       |       |     4 |       ||     4
Dodge: Dodged            |    47 |     6 |   106 |    14 ||   173

Table legend: (Time is in decaauts)
 A = Elapsed time spent in this place.
 B = Non-inter-level travel time spent in this place.
 C = Inter-level travel time spent in this place.
 D = Time resting spent in this place.
 E = Time spent auto-exploring this place.
 F = Levels seen in this place.
 G = Mean time per level.
                   A        B        C        D        E       F      G
               +--------+--------+--------+--------+--------+-----+--------+
         Total |   7172 |   7029 |    143 |   1049 |   4640 |   7 | 1024.6 |
       Dungeon |   7035 |   6903 |    132 |   1049 |   4548 |   6 | 1172.5 |
        Temple |    136 |    125 |     11 |      0 |     92 |   1 |  136.0 |
               +--------+--------+--------+--------+--------+-----+--------+

Top non-repeatable levels by time:
     D:5: 1712 daAuts
     D:1: 1479 daAuts
     D:2: 1418 daAuts
     D:4: 1137 daAuts
     D:3: 816 daAuts
     D:6: 471 daAuts
  Temple: 136 daAuts
